 Dungeon Crawl Stone Soup version 0.30.1-11-g7821555f0a (webtiles) character file.

Game seed: 2433807976928666802

8 Chiseanne the Trooper (level 2, 19/24 HPs)
             Began as a Demonspawn Wanderer on Nov 17, 2023.
             Quit the game on level 1 of the Dungeon.
             The game lasted 00:00:18 (126 turns).

Chiseanne the Trooper (Demonspawn Wanderer)          Turns: 126, Time: 00:00:18

Health: 19/24      AC:  3    Str:  9    XL:     2   Next: 0%
Magic:  2/2        EV: 12    Int: 10    God:
Gold:   15         SH:  0    Dex: 18    Spells: 1/1 levels left

rFire   . . .        a - +0 long sword
rCold   . . .        (no shield)
rNeg    . . .        e - +0 robe
rPois   .            (no helmet)
rElec   .            c - +0 cloak
rCorr   .            (no gloves)
SInv    .            (no boots)
Will    .....        (no amulet)
Stlth   ++           (no ring)
HPRegen 0.24/turn    (no ring)
MPRegen 0.08/turn

%: no passive effects
@: no status effects
A: demonic touch 1
a: no special abilities


You were on level 1 of the Dungeon.
You visited 1 branch of the dungeon, and saw 1 of its levels.

You collected 15 gold pieces.

Inventory:

Hand Weapons
 a - a +0 long sword (weapon)
 b - a +0 quarterstaff
Armour
 c - a +0 cloak (worn)
 e - a +0 robe (worn)
Scrolls
 d - a scroll of blinking
 f - a scroll of enchant weapon {unknown}
 g - 2 scrolls of vulnerability {unknown}
 h - a scroll of identify {unknown}


   Skills:
 * Level 3.2 Fighting
 - Level 2.6 Long Blades
 - Level 1.7 Staves
 * Level 0.5 Armour
 * Level 2.0 Dodging


You had one spell level left.
You didn't know any spells.
Your spell library was empty.

Dungeon Overview and Level Annotations

Branches:
Dungeon (1/15)

Altars:


Innate Abilities, Weirdness & Mutations

Your touch may inflict minor irresistible damage on your foes.


Message History

You kill the goblin!
The endoplasm quivers.
The kobold hits you with a +0 whip. The kobold hits you but does no damage.
A bat comes into view.
You slash the endoplasm!
You kill the endoplasm!
The kobold hits you but does no damage.
You closely miss the kobold. The kobold closely misses you.
You hit the bat but do no damage. The bat hits you.
The kobold barely misses you.
A rat comes into view.
You slash the kobold!
You kill the kobold!
The bat hits you but does no damage.
A goblin comes into view. It is wielding a +0 club.
You closely miss the rat.
The goblin shouts!
You hear a shout!
The rat bites you.
You barely miss the rat. The bat closely misses you.
The rat closely misses you.
You hit the rat.
You kill the rat!
The goblin misses you. The bat hits you but does no damage.
Your Dodging skill increases to level 2!
You barely miss the bat. The bat hits you but does no damage.
The goblin closely misses you. The goblin hits you with a +0 club.
You slash the goblin!
You kill the goblin!
A hobgoblin comes into view.
Found 5 gold pieces.
The hobgoblin shouts!
Things that are here:
a +0 club; a +0 whip; 3 stones The bat hits you but does no damage.
You hit the bat.
You kill the bat!
You have reached level 2!
Your demonic ancestry asserts itself...
Your hands begin to faintly glow with unholy energy.
Are you sure you want to abandon this character and quit the game? (Confirm with "yes".)

#.# ♣.........♣#
#.# #..♣♣.♣♣..##
#.###..♣♣P>P♣♣..#
~~########..###.
#####..##
.[...........+
.≈≈≈≈~...'
.#.###..######
########## ##.# #
####.####
#..#.#@.# #.#.#.#
#)#)#.##
#$#$.)#.#
....#.#....
#.#.#.#.#....
#.#. . # .#.## #
# #g #.# #. #


There were no monsters in sight!

Vanquished Creatures
  2 bats (D:1)
  An endoplasm (D:1)
  2 goblins (D:1)
  A kobold (D:1)
  A rat (D:1)
7 creatures vanquished.

Notes
Turn   | Place    | Note
-------+----------+-------------------------------------------
     0 | D:1      | Chiseanne the Demonspawn Wanderer began the quest for the
                  | Orb.
     0 | D:1      | Chiseanne set off with the following items: a +0 long
                  | sword, a +0 quarterstaff, a +0 cloak, a scroll of blinking,
                  | a +0 robe.
     0 | D:1      | Reached XP level 1. HP: 18/18 MP: 1/1
   126 | D:1      | Gained mutation: Your touch may inflict minor irresistible
                  | damage on your foes. [demonic ancestry]
   126 | D:1      | Reached XP level 2. HP: 19/24 MP: 2/2
   126 | D:1      | Quit the game

Illustrated notes

Levels and vault maps discovered:
D:1:      tarquinn_simple_flora_water_b, layout_loops_ring, serial_bayou,
          serial_bayou_lagoon_a, serial_bayou_pond_b, serial_bayou_ford_a,
          serial_bayou_pond_b, minmay_tiny_reverse_x

Skill      XL: |  1 |
---------------+----+-----
Dodging        | 2 |  2.0
Fighting       | |  3.2
Long Blades    | |  2.6
Staves         | |  1.7
Armour         | |  0.5

Action                     || total
---------------------------++-------
  Melee: Long sword        ||    14
   Stab: Sleeping          ||     1
 Armour: Robe              ||     6
  Dodge: Dodged            ||     9
